 Dungeon Crawl Stone Soup version 0.26-a0-1040-gbe3abf3417 (webtiles) character file.

Game seed: 6430691362970980971

101 jiml777 the Gusty (level 4, -1/24 HPs)
             Began as a Deep Elf Air Elementalist on Dec 11, 2020.
             Slain by an orc wizard
             ... wielding a +0 dagger
              (5 damage)
             ... on level 3 of the Dungeon.
             The game lasted 00:13:29 (2635 turns).

jiml777 the Gusty (Deep Elf Air Elementalist)       Turns: 2635, Time: 00:13:30

Health: -1/24      AC: -1    Str:  5    XL:     4   Next: 48%
Magic:  2/11       EV: 13    Int: 21    God:
Gold:   158        SH:  0    Dex: 15    Spells: 9/10 levels left

rFire    . . .     SeeInvis .   g - +5 dagger
rCold    . . .     Faith    .   (no shield)
rNeg     + . .     Spirit   .   n - +0 robe
rPois    .         Reflect  .   (no helmet)
rElec    .         Harm     .   (no cloak)
rCorr    .         Rampage  .   (no gloves)
Will     .....                  i - +0 pair of boots
Stlth    ++........             (no amulet)
HPRegen  0.08/turn              f - -4 ring of protection (curse)
MPRegen  0.12/turn              h - ring of positive energy

@: no status effects
A: no striking features
a: no special abilities


You were on level 3 of the Dungeon.
You visited 1 branch of the dungeon, and saw 3 of its levels.

You collected 158 gold pieces.

Inventory:

Hand Weapons
 g - a +5 dagger (weapon)
Missiles
 j - 64 arrows
 o - 15 poisoned darts
Armour
 a - a +0 robe
 i - a +0 pair of boots (worn)
 n - a +0 robe (worn)
Jewellery
 f - a cursed -4 ring of protection (left hand)
 h - a ring of positive energy (right hand)
Scrolls
 b - a scroll of identify
Potions
 c - a potion of berserk rage
 d - a potion of might {unknown}
 e - a potion of curing {unknown}
 k - a potion of degeneration {unknown}
 l - a potion of heal wounds {unknown}
 m - a potion of resistance {unknown}


   Skills:
 + Level 2.5 Dodging
 + Level 2.7 Stealth
 + Level 3.9 Spellcasting
 + Level 2.6 Conjurations
 + Level 4.1 Air Magic


You had 9 spell levels left.
You knew the following spells:

 Your Spells              Type           Power        Failure   Level
a - Shock                 Conj/Air       ###.         3%          1

Your spell library contained the following spells:

 Spells                   Type           Power        Failure   Level
 Swiftness                Air            ###.....     3%          2
 Static Discharge         Conj/Air       ###.....     9%          3
 Airstrike                Air            ###.......   22%         4
 Lightning Bolt           Conj/Air       ###.......   63%         5


Dungeon Overview and Level Annotations

Branches:
Dungeon (3/15)

Altars:
Zin


Message History

The orc wizard casts a spell.
The orc wizard flickers and vanishes!
Deactivating autopickup; reactivate with Ctrl-A.
You hear some strange, mumbled words.
Something tries to affect you, but you resist.
Something hits you.
You feel less confused.
You hear some strange, mumbled words.
You are confused.
Something hits you. Something hits you. Something hits you.
* * * LOW HITPOINT WARNING * * *
Something hits you.
* * * LOW HITPOINT WARNING * * *
You hear some strange, mumbled words.
Something tries to affect you, but you resist.
You feel less confused. Something hits you.
You die...

###
#.#
#<#
#@#
#.#
#.#
#.#
#.#
#.#
#)#
#)#


There were no monsters in sight!

Vanquished Creatures
  2 orc wizards (D:3)
  2 dart slugs
  2 leopard geckos (D:1)
  An orc (D:3)
  A ball python (D:2)
  A giant cockroach (D:2)
  3 goblins (D:1)
  8 hobgoblins
  3 jackals (D:1)
  5 bats
  6 frilled lizards
  4 kobolds
  5 rats
43 creatures vanquished.

Notes
Turn   | Place    | Note
-------+----------+-------------------------------------------
     0 | D:1      | jiml777 the Deep Elf Air Elementalist began the quest for
                  | the Orb.
     0 | D:1      | Reached XP level 1. HP: 10/10 MP: 6/6
     6 | D:1      | Noticed a wyvern
     6 | D:1      | Noticed a hog
     7 | D:1      | Noticed a water moccasin
   170 | D:1      | Reached XP level 2. HP: 7/15 MP: 2/8
  1322 | D:1      | Reached XP level 3. HP: 19/19 MP: 6/9
  2355 | D:2      | Found a glowing silver altar of Zin.
  2621 | D:3      | Reached skill level 4 in Air Magic
  2621 | D:3      | Reached XP level 4. HP: 17/24 MP: 3/11
  2635 | D:3      | Slain by an orc wizard

Illustrated notes

Levels and vault maps discovered:
D:1:      onia_arrival_zoo_common, layout_basic, dk_noncrumbling_3,
          minmay_quantized
D:2:      layout_loops_cross, nicolae_overflow_crystal_walls
D:3:      layout_basic, xom_teletrap_fun, uniq_ijyb, uniq_natasha

Skill      XL: |  1  2  3 |
---------------+----------+-----
Conjurations   | 2 |  2.6
Air Magic      | 4 |  4.1
Dodging        | |  2.5
Stealth        | |  2.7
Spellcasting   | |  3.9

Action                   |  1- 3 |  4- 6 || total
-------------------------+-------+-------++-------
Melee: Unarmed           |     5 |       ||     5
 Cast: Shock             |    86 |     2 ||    88
  Use: Scroll            |     8 |       ||     8
Dodge: Dodged            |    24 |       ||    24

Table legend: (Time is in decaauts)
 A = Elapsed time spent in this place.
 B = Non-inter-level travel time spent in this place.
 C = Inter-level travel time spent in this place.
 D = Time resting spent in this place.
 E = Time spent auto-exploring this place.
 F = Levels seen in this place.
 G = Mean time per level.
                   A        B        C        D        E       F      G
               +--------+--------+--------+--------+--------+-----+--------+
         Total |   2632 |   2577 |     55 |    731 |   1428 |   3 |  877.3 |
       Dungeon |   2632 |   2577 |     55 |    731 |   1428 |   3 |  877.3 |
               +--------+--------+--------+--------+--------+-----+--------+

Top non-repeatable levels by time:
     D:1: 1703 daAuts
     D:2: 905 daAuts
     D:3: 23 daAuts
